 Dungeon Crawl Stone Soup version 0.25-a0-591-g2ad0d861f1 (webtiles) character file.

Game seed: 2245398574938872958, levelgen mode: deterministic

9 n0claF the Skirmisher (level 2, 24/24 HPs)
             Began as a Demonspawn Fighter on Mar 13, 2020.
             Quit the game on level 1 of the Dungeon.
             The game lasted 00:01:08 (246 turns).

n0claF the Skirmisher (Demonspawn Fighter)           Turns: 246, Time: 00:01:09

Health: 24/24      AC:  6    Str: 16    XL:     2   Next: 6%
Magic:  2/2        EV:  6    Int:  9    God:
Gold:   36         SH:  8    Dex: 12    Spells: 1/1 levels left

rFire    . . .     SeeInvis .   a - +0 war axe
rCold    . . .     Gourm    .   c - +0 kite shield
rNeg     . . .     Faith    .   b - +0 scale mail
rPois    .         Spirit   .   (no helmet)
rElec    .         Reflect  .   (no cloak)
rCorr    .         Harm     .   (no gloves)
MR       .....                  (no boots)
Stlth    ..........             (no amulet)
HPRegen  0.08/turn              (no ring)
MPRegen  0.08/turn              (no ring)

@: no status effects
A: claws 1
a: no special abilities


You were on level 1 of the Dungeon.
You were not hungry.

You visited 1 branch of the dungeon, and saw 1 of its levels.

You collected 36 gold pieces.

Inventory:

Hand Weapons
 a - a +0 war axe (weapon)
Armour
 b - a +0 scale mail (worn)
 c - a +0 kite shield (worn)
Jewellery
 h - a +2 ring of strength {unknown}
   (You found it on level 1 of the Dungeon)
Scrolls
 g - a scroll of teleportation {unknown}
Potions
 d - a potion of might
Comestibles
 e - a ration {!d}
 f - 3 chunks of flesh


   Skills:
 + Level 3.1 Fighting
 * Level 2.1 Axes
 + Level 2.8 Armour
 + Level 2.8 Shields


You had one spell level left.
You didn't know any spells.
Your spell library was empty.

Dungeon Overview and Level Annotations

Branches:
Dungeon (1/15)

Altars:


Innate Abilities, Weirdness & Mutations

You have sharp fingernails.


Message History

The bat hits you.
You slash the bat!
You kill the bat!
No target in view!
No target in view!
No target in view!
No target in view!
No target in view!
A goblin comes into view. It is wielding a +0 dagger.
The goblin shouts!
A goblin is nearby!
You block the goblin's attack.
You barely miss the goblin. You block the goblin's attack.
You closely miss the goblin. The goblin barely misses you.
You hit the goblin.
The goblin hits you but does no damage. x2
You closely miss the goblin. The goblin hits you but does no damage.
You slash the goblin!
You kill the goblin!
You have reached level 2!
You feel monstrous as your demonic heritage exerts itself.
Your demonic ancestry asserts itself...
Your fingernails lengthen.
Things that are here:
a +0 dagger; a goblin corpse You butcher the goblin corpse.
f - 3 chunks of flesh (gained 2)
Things that are here:
a +0 dagger; a goblin skeleton
Things that are here:
a +0 dagger; a goblin skeleton You open the door.
Found 5 gold pieces.
There is an open door here.
You now have 36 gold pieces (gained 5).
A hobgoblin comes into view.
The hobgoblin shouts!
A hobgoblin is nearby!
You barely miss the hobgoblin.
The hobgoblin hits you but does no damage.
You closely miss the hobgoblin. You block the hobgoblin's attack.
The hobgoblin hits you but does no damage.
You slash the hobgoblin!
You kill the hobgoblin!
No target in view!
No target in view!
A hobgoblin comes into view. It is wielding a +0 club.
Unknown command.
Okay, then.
Okay, then.
Okay, then.

#...#..........# #..#
#
.####.#.#..........#
.... .
........'..........#
..... .
####.#.#..........#
##..###
#.#.####+##+#### #..#
#.####.#.# #.#
.........####.#
#.............#
#............@#
.....................
#.####...............
# ###.#.#..#......
#.#.#.........
#.#.#..#..#.#.
..#.#.g#..#.# ...# .#
#


You could see a hobgoblin.

Vanquished Creatures
  2 bats (D:1)
  4 hobgoblins (D:1)
  A frilled lizard (D:1)
  A goblin (D:1)
8 creatures vanquished.

Notes
Turn   | Place    | Note
-------+----------+-------------------------------------------
     0 | D:1      | n0claF the Demonspawn Fighter began the quest for the Orb.
     0 | D:1      | Reached XP level 1. HP: 18/18 MP: 1/1
   216 | D:1      | Gained mutation: You have sharp fingernails. [demonic
                  | ancestry]
   216 | D:1      | Reached XP level 2. HP: 24/24 MP: 2/2
   246 | D:1      | Quit the game

Levels and vault maps discovered:
D:1:      dpeg_arrival_fog, layout_basic

Skill      XL: |  1 |
---------------+----+-----
Axes           | 2 |  2.1
Fighting       | |  3.1
Armour         | |  2.8
Shields        | |  2.8

Action                   || total
-------------------------++-------
Melee: War axe           ||    26
Armor: Scale mail        ||    19
Dodge: Dodged            ||     4
Block: Kite shield       ||     6

Table legend:
 A = Non-vault XP
 B = Vault XP
 C = Vault XP percentage of total XP
 D = Non-vault monster count
 E = Vault monster count
 F = Vault count percentage of total count
                 A         B        C        D         E       F
            +---------+---------+-------+---------+---------+-------
      Total |      14 |       0 |   0.0 |       8 |       0 |   0.0
            +---------+---------+-------+---------+---------+-------
        D:1 |      14 |       0 |   0.0 |       8 |       0 |   0.0
            +---------+---------+-------+---------+---------+-------
